 Dungeon Crawl Stone Soup version 0.17.2-1-ge4368a0 (webtiles) character file.

1 rlgrobin the Insei (level 1, -2/18 HPs)
             Began as a Mummy Monk on Apr 18, 2017.
             Slain by a giant gecko (4 damage)
             ... on level 1 of the Dungeon.
             The game lasted 00:00:21 (100 turns).

rlgrobin the Insei (Mummy Monk)                      Turns: 100, Time: 00:00:22

Health: -2/18      AC:  0    Str: 14    XL:     1   Next: 16%
Magic:  1/1        EV: 13    Int:  9    God:
Gold:   0          SH:  0    Dex: 14    Spells: 0 memorised, 0 levels left

rFire  x . .     SeeInvis .       - Unarmed
rCold  + . .     Clarity  .     (no armour)
rNeg   + + +     SustAt   .     (no shield)
rPois  ∞         Gourm    .     (no helmet)
rElec  .         Spirit   .     (no cloak)
rCorr  .         Warding  .     (no gloves)
rMut   .         Stasis   .     (no boots)
MR     .....                    (no amulet)
Stlth  ++........               (no ring)
                                (no ring)

@: not resistant to hostile enchantments, unstealthy
A: no food or potions, fire vulnerability, cold resistance 1, negative energy
resistance 3, torment resistance, unbreathing
a: no special abilities


You were on level 1 of the Dungeon.
You were not hungry.

You visited 1 branch of the dungeon, and saw 1 of its levels.


Innate Abilities, Weirdness & Mutations

You do not eat or drink.
Your flesh is vulnerable to fire.
You are immune to poison.
Your flesh is cold resistant.
You are immune to negative energy.
You are immune to unholy pain and torment.
You can survive without breathing.


   Skills:
 - Level 3.0 Fighting
 - Level 2.4 Dodging
 - Level 1.5 Stealth
 + Level 3.3 Unarmed Combat


You couldn't memorise any spells.
You didn't know any spells.

You aren't carrying anything.

Dungeon Overview and Level Annotations

Branches:
Dungeon (1/15)

Altars:

▒▒▒▒▒▒▒▒▒▒▒▒▒▒
........▒▒...▒▒
........''....▒
........▒▒....▒
.......M▒▒....▒
.......l▒▒....▒▒
........▒▒▒▒▒..▒
.▒ ........▒
▒▒▒▒.▒▒ .▒
........▒
▒.....▒ .▒
........▒
▒.....▒▒.▒
........▒
▒......▒.▒
........▒
▒....▒.▒.▒
▒....▒...▒


You could see a giant gecko.


Message History

You take 2 damage, and have 16/18 hp!
You barely miss the giant gecko! The giant gecko bites you!
You take 5 damage, and have 11/18 hp!
MASSIVE DAMAGE!!!!!!
You miss the giant gecko!
The giant gecko bites you! * * * don't die
* * * You take 5 damage, and have 6/18 hp!
MASSIVE DAMAGE!!!!!!
You are too injured to fight recklessly!!!
You are too injured to fight recklessly!!!
You are too injured to fight recklessly!!!
You are too injured to fight recklessly!!!
You are too injured to fight recklessly!!!
You are too injured to fight recklessly!!!
You are too injured to fight recklessly!!!
A giant gecko is nearby!!!
A giant gecko is nearby!!!
You squash the giant gecko like an ant!
The giant gecko is moderately wounded!
The giant gecko bites you! * * * don't die
* * * You take 5 damage, and have 1/18 hp!
MASSIVE DAMAGE!!!!!!
You pummel the giant gecko like a punching bag!
The giant gecko is severely wounded!
The giant gecko misses you!
You barely miss the giant gecko!
The giant gecko is severely wounded!
The giant gecko closely misses you! The giant gecko barely misses you!
You barely miss the giant gecko!
The giant gecko is severely wounded!
The giant gecko bites you! rip

Action                   || total
-------------------------++-------
Melee: Unarmed           ||    11

Vault maps used:
D:1:      nicolae_arrival_kraken_aquarium_a

Notes
Turn   | Place    | Note
--------------------------------------------------------------
     0 | D:1      | rlgrobin the Mummy Monk began the quest for the Orb.
     0 | D:1      | Reached XP level 1. HP: 18/18 MP: 1/1
     0 | D:1      | Noticed an elf
     0 | D:1      | Noticed a ghoul
     0 | D:1      | Noticed a naga
     0 | D:1      | Noticed a gargoyle
     0 | D:1      | Noticed a troll
     0 | D:1      | Noticed a kraken
     0 | D:1      | Noticed a vine stalker
     0 | D:1      | Noticed a vine stalker
     0 | D:1      | Noticed a centaur
     0 | D:1      | Noticed a formicid
     0 | D:1      | Noticed a spriggan
     3 | D:1      | Killed a naga
     4 | D:1      | Killed an elf
     6 | D:1      | Killed a troll
     6 | D:1      | Killed a vine stalker
     7 | D:1      | Killed a centaur
     8 | D:1      | Killed a gargoyle
     9 | D:1      | Killed a formicid
    10 | D:1      | Killed a spriggan
    11 | D:1      | Killed a ghoul
    11 | D:1      | Killed a vine stalker
    97 | D:1      | HP: 1/18 [giant gecko (5)]
   100 | D:1      | Slain by a giant gecko

Vanquished Creatures
  A goblin (D:1)
1 creature vanquished.

Vanquished Creatures (others)
  A ghoul (D:1)
  2 vine stalkers (D:1)
  A gargoyle (D:1)
  An elf (D:1)
  A troll (D:1)
  A formicid (D:1)
  A spriggan (D:1)
  A naga (D:1)
  A centaur (D:1)
  An orc (D:1)
  A kobold (D:1)
  4 tentacles (D:1)
  26 tentacle segments (D:1)
42 creatures vanquished.

Grand Total: 43 creatures vanquished
